 Dungeon Crawl Stone Soup version 0.31-a0-702-gf82c85558f (webtiles) character file.

Game seed: 3540974938130654233

150 qw the Shooter (level 5, -2/32 HPs)
             Began as a Gargoyle Hunter on Sept 8, 2023.
             Was an Initiate of Okawaru.
             Slain by a black bear (11 damage)
             ... on level 4 of the Dungeon.
             The game lasted 00:00:54 (2764 turns).

qw the Shooter (Gargoyle Hunter)                    Turns: 2764, Time: 00:00:55

Health: -2/32      AC:  9    Str: 15    XL:     5   Next: 32%
Magic:  5/5        EV: 11    Int:  9    God:    Okawaru [......]
Gold:   186        SH:  0    Dex: 15    Spells: 4/4 levels left

rFire   . . .        j - +0 shortbow (heavy)
rCold   . . .        (shield currently unavailable)
rNeg    + + .        b - +0 ring mail
rPois   inf          (no helmet)
rElec   +            (no cloak)
rCorr   .            (no gloves)
SInv    .            (no boots)
Will    .....        (no amulet)
Stlth   +            d - ring of positive energy
HPRegen 0.25/turn    (no ring)
MPRegen 0.09/turn

%: no passive effects
@: no status effects
A: sickness immunity, AC +4, negative energy resistance 1, electricity
resistance, torment resistance 1, petrification resistance
a: Renounce Religion


You were on level 4 of the Dungeon.
You worshipped Okawaru.
Okawaru was noncommittal.
You visited 1 branch of the dungeon, and saw 4 of its levels.

You collected 186 gold pieces.


Innate Abilities, Weirdness & Mutations

You are immune to sickness and miasma.
Your stone body is resilient. (AC +4)
You are immune to poison.
You resist negative energy. (rN+)
You are resistant to electric shocks. (rElec)
You are resistant to unholy torment.
You are immune to petrification.


   Skills:
 - Level 3.1 Fighting
 + Level 5.9 Ranged Weapons
 - Level 1.0 Armour
 - Level 1.5 Dodging
 - Level 1.1 Stealth


You had 4 spell levels left.
You didn't know any spells.
Your spell library was empty.

Inventory:

Hand Weapons
 j - a +0 heavy shortbow (weapon)
Armour
 b - a +0 ring mail (worn)
Jewellery
 d - a ring of positive energy (left hand)
Scrolls
 a - a scroll of identify
 c - a scroll of teleportation {unknown}
 n - a scroll of enchant armour
Potions
 e - a potion of magic
 f - a potion of haste {unknown}
 g - a potion of degeneration {unknown}
 h - a potion of cancellation
 i - 4 potions of curing
 k - a potion of invisibility {unknown}

Dungeon Overview and Level Annotations

Branches:
Dungeon (4/15)
 Temple: D:4-7

Altars:
Ashenzari
Dithmenos
Gozag
Nemelex Xobeh
Okawaru
Wu Jian

Shops:
D:4 :

Annotations:
D:3 2 runed translucent doors, qw's ghost, amateur GrHu


Message History

The arrow closely misses the ball python.
The ball python closely misses you. The ball python grabs you.
The ball python constricts you.
You shoot an arrow. The arrow hits the ball python.
The ball python is moderately wounded.
The ball python barely misses you. The ball python constricts you.
The ball python bites you but does no damage.
The ball python constricts you.
You shoot an arrow. The arrow hits the ball python!
You kill the ball python!
Okawaru accepts your kill.
Found an escape hatch in the floor.
Found a stone staircase leading down.
A black bear comes into view.
You shoot an arrow. The black bear growls angrily.
The arrow hits the black bear!
The black bear is heavily wounded.
You shoot an arrow. The arrow hits the black bear.
The black bear is severely wounded.
You shoot an arrow. The arrow hits the black bear.
The black bear is almost dead.
An adder comes into view.
The black bear goes berserk!
You shoot an arrow.
The arrow hits the black bear but does no damage.
The black bear is almost dead.
The black bear bites you! The black bear closely misses you.
The black bear claws you.
You shoot an arrow. The arrow hits the black bear.
The black bear is almost dead.
The black bear bites you. The black bear closely misses you.
The black bear claws you but does no damage.
The black bear bites you but does no damage.
The black bear claws you but does no damage.
The black bear claws you.
The black bear bites you but does no damage.
The black bear claws you. x2
You shoot an arrow. The arrow barely misses the black bear.
The black bear bites you!
You die...

..######.#
.......#.#####.##......
.........##...........
.......####..#..#....
..###### #..#.>#... ..#
#....>#.. ..# #...#.#S#
..# #...#.#h# ..#
#.....@.# .## ###.#####
## #######.# #
#.....%.# #
####.#####....# #
#....#####.##.....
####.......##.# ####
.....)..##.##.#
.#.#####.#..#.#


You could see a black bear (berserk) and an adder.

Vanquished Creatures
  A scorpion (D:4)
  3 adders
  2 worms (D:3)
  3 dart slugs
  8 ball pythons
  3 endoplasms
  4 giant cockroaches
  6 goblins
  4 hobgoblins
  4 jackals (D:1)
  4 quokkas
  2 bats (D:3)
  3 frilled lizards
  3 kobolds
  5 rats
55 creatures vanquished.

Notes
Turn   | Place    | Note
-------+----------+-------------------------------------------
     0 | D:1      | qw the Gargoyle Hunter began the quest for the Orb.
     0 | D:1      | Reached XP level 1. HP: 12/12 MP: 1/1
     0 | D:1      | 0 ||| qw: Version: 0.3-a-76-g4403597
     0 | D:1      | 0 ||| qw: Game counter: 1167
     0 | D:1      | 0 ||| qw: Melee chars always use a shield: true
     0 | D:1      | 0 ||| qw: God list: Okawaru
     0 | D:1      | 0 ||| qw: Allow faded altars: false
     0 | D:1      | 0 ||| qw: Do Orc after clearing Dungeon:15 true
     0 | D:1      | 0 ||| qw: Do second Lair branch before Depths: true
     0 | D:1      | 0 ||| qw: Lair rune preference: random
     0 | D:1      | 0 ||| qw: Goals: Normal
     0 | D:1      | 0 ||| PLANNING D:1-11
   149 | D:1      | Reached XP level 2. HP: 17/17 MP: 2/2
   535 | D:1      | 535 ||| READING 2 scrolls labelled YCEZYI RATOP.
   536 | D:1      | 536 ||| READING scroll labelled OHYICWETHU.
   537 | D:1      | 537 ||| READING scroll labelled DINGIAGEAC.
   538 | D:1      | 538 ||| DRINKING 2 ruby potions.
   539 | D:1      | 539 ||| DROPPING scroll of butterflies.
   627 | D:2      | Reached XP level 3. HP: 21/21 MP: 3/3
   639 | D:2      | Reached skill level 5 in Ranged Weapons
   822 | D:2      | Found an iron altar of Okawaru.
   823 | D:2      | 823 ||| PLANNING OKAWARU WORSHIP
   823 | D:2      | 823 ||| UPGRADING to +0 ring mail.
   833 | D:2      | 833 ||| DROPPING +0 leather armour.
   834 | D:2      | 834 ||| UPGRADING to ring of positive energy.
   835 | D:2      | 835 ||| READING 3 scrolls of identify.
   835 | D:2      | 835 ||| IDENTIFYING murky green potion
   836 | D:2      | 836 ||| READING 2 scrolls of identify.
   836 | D:2      | 836 ||| IDENTIFYING viscous sapphire potion
   837 | D:2      | 837 ||| DROPPING potion of attraction.
   847 | D:2      | Became a worshipper of Warmaster Okawaru
   848 | D:2      | 848 ||| PLANNING D:1-11
  1290 | D:2      | Reached skill level 1 in Armour
  1325 | D:2      | 1325 ||| READING scroll labelled PEGEUTZ OREOKHI.
  1326 | D:2      | 1326 ||| READING 2 scrolls of identify.
  1326 | D:2      | 1326 ||| IDENTIFYING silvery potion
  1350 | D:3      | Found an ornate altar of the Wu Jian Council.
  1352 | D:3      | Found a shadowy altar of Dithmenos.
  1354 | D:3      | Found an opulent altar of Gozag.
  1519 | D:3      | Found a runed translucent door.
  1621 | D:3      | Reached XP level 4. HP: 24/27 MP: 4/4
  1771 | D:3      | Reached skill level 3 in Fighting
  1894 | D:3      | Found a broken altar of Ashenzari.
  2066 | D:3      | Found a runed translucent door.
  2068 | D:3      | Noticed qw's ghost (amateur GrHu)
  2120 | D:3      | Noticed a bullfrog
  2468 | D:3      | 2468 ||| READING 2 scrolls labelled HUUKECR KAMPY.
  2469 | D:3      | 2469 ||| READING scroll labelled GUDWYN ZUSMOG.
  2470 | D:3      | 2470 ||| READING scroll labelled LEFORO XAXIBEM.
  2471 | D:3      | 2471 ||| READING scroll labelled EQU VUGEORUI.
  2472 | D:3      | 2472 ||| READING scroll labelled UZACLI TOSAAD.
  2473 | D:3      | 2473 ||| DROPPING scroll of revelation.
  2513 | D:4      | Noticed a scorpion
  2518 | D:4      | Killed a scorpion
  2519 | D:4      | Reached XP level 5. HP: 25/32 MP: 5/5
  2632 | D:4      | Found a sparkling altar of Nemelex Xobeh.
  2695 | D:4      | Found Rytrex's Book Emporium.
  2758 | D:4      | Noticed a black bear
  2764 | D:4      | Slain by a black bear

Levels and vault maps discovered:
D:1:      saegor_arrival_simple_b, layout_loops_cross
D:2:      layout_basic, basic_altar
D:3:      layout_basic, grunt_temple_overflow_open, old_standard_altar,
          ebering_ghost_sewer_f, minmay_misc_feat_encased
D:4:      layout_loops_cross, nicolae_hepliaklqana_ecumenical_no_more,
          mainiacjoe_overflow_alcove_4, nemelex_xobeh_ov_fountains_minmay,
          serial_shops, nicolae_take_the_stairs, grunt_decor_resistance

Skill      XL: |  1  2  3  4 |
---------------+-------------+-----
Ranged Weapons | 5 |  5.9
Armour         | 1 |  1.0
Fighting       | 3 |  3.1
Dodging        | |  1.5
Stealth        | |  1.1

Action                     |  1- 3 |  4- 6 || total
---------------------------+-------+-------++-------
   Fire: Shortbow          |   125 |    72 ||   197
    Use: Scroll            |     7 |     5 ||    12
         Potion            |     1 |       ||     1
 Armour: Leather armour    |    13 |       ||    13
         Ring mail         |    10 |    36 ||    46
  Dodge: Dodged            |    18 |    22 ||    40

Table legend:
 A = Non-vault XP
 B = Vault XP
 C = Vault XP percentage of total XP
 D = Non-vault monster count
 E = Vault monster count
 F = Vault count percentage of total count
                 A         B        C        D         E       F
            +---------+---------+-------+---------+---------+-------
      Total |     215 |       0 |   0.0 |      55 |       0 |   0.0
            +---------+---------+-------+---------+---------+-------
        D:1 |      22 |       0 |   0.0 |      11 |       0 |   0.0
        D:2 |      38 |       0 |   0.0 |      15 |       0 |   0.0
        D:3 |      68 |       0 |   0.0 |      20 |       0 |   0.0
        D:4 |      87 |       0 |   0.0 |       9 |       0 |   0.0
            +---------+---------+-------+---------+---------+-------
